 Dungeon Sprint DCSS version 0.28.0-53-g5a82cb258f (webtiles) character file.

Game seed: 168542762141695781

4800000 Zeld the Intangible (level 21, -191/280 HPs)
             Began as a Djinni Monk on May 26, 2022.
             Was the Champion of Makhleb.
             Annihilated by a destroyer
             ... wielding a +9 vorpal great sword
              (216 damage)
             ... in the Dungeon (Sprint VIII: "Arena of Blood").
             The game lasted 00:00:41 (48 turns).

Zeld the Intangible (Djinni Monk)                     Turns: 48, Time: 00:00:42

Health: -191/280   AC: 16    Str: 28    XL:     21   Next: 55%
Gold:   0          EV: 23    Int: 13    God:    Makhleb [******] SH:  0 Dex: 18

rFire   + + .      SeeInvis .     - Unarmed
rCold   x . .      Faith    .   (shield currently unavailable)
rNeg    . . .      Spirit   .   (armour currently unavailable)
rPois   ∞          Reflect  .   (helmet currently unavailable)
rElec   .          Harm     .   (cloak currently unavailable)
rCorr   .          Rampage  .   (gloves currently unavailable)
Will    ++...      NoTele   +   (boots unavailable)
Stlth   ++........              (no amulet)
HPRegen 0.56/turn               (no ring)
MPRegen 0.00/turn               (no ring)

@: dragon-form, flying
A: dragon claw, dragon scales, breathe fire, flying, boosted hp, sickness
immunity, giant, (fire resistance 2), (cold vulnerability 1), float, innate
caster, HP casting, extra vitality 1
a: Breathe Fire, End Transformation, Renounce Religion, Minor Destruction,
Lesser Servant of Makhleb, Major Destruction, Greater Servant of Makhleb


You were in the Dungeon.
You worshipped Makhleb.
Makhleb was exalted by your worship.
You were a fearsome dragon!
You visited 1 branch

Inventory:

Hand Weapons
 g - the +∞ Axe of Woe (melded)
   (You found it in the Dungeon)
Armour
 a - a +0 robe (melded)
Scrolls
 f - a scroll of blinking
Potions
 b - a potion of curing
 c - a potion of heal wounds
 d - a potion of haste
 e - a potion of berserk rage


   Skills:
 O Level 27 Fighting
 + Level 10.2(12.0) Short Blades
 + Level 10.2(12.0) Long Blades
 O Level 27 Axes
 + Level 9.4(20.5) Maces & Flails
 + Level 9.4(20.5) Polearms
 + Level 9.6(13.1) Staves
 + Level 8.8(10.4) Slings
 + Level 8.8 Bows
 + Level 8.8 Crossbows
 + Level 8.8(10.4) Throwing
 + Level 10.5 Armour
 O Level 27 Dodging
 - Level 1.5 Stealth
 + Level 10.5 Shields
 - Level 3.0 Unarmed Combat
 O Level 27 Spellcasting
 O Level 27 Invocations
 + Level 10.5 Evocations


You had 29 spell levels left.
You knew the following spells:

 Your Spells              Type           Power      Damage    Failure   Level
a - Foxfire               Conj/Fire      100%       2x1d9     0%          1
b - Corpse Rot            Necr/Air       100%       N/A       0%          2
c - Spider Form           Tmut/Pois      73%        N/A       0%          3
d - Mephitic Cloud        Conj/Pois/Air  73%        N/A       0%          3
e - Iskenderun's Battles  Conj           73%        2d12      0%          5
f - Fireball              Conj/Fire      36%        3d15      0%          5
g - Starburst             Conj/Fire      36%        6d11      0%          6
h - Iron Shot             Conj/Erth      36%        9d7       0%          6
i - Ozocubu's Refrigerat  Ice            36%        4d12      1%          7
j - Dragon Form           Tmut           36%        N/A       1%          7
Your spell library was empty.

Dungeon Overview and Level Annotations

Branches:
Dungeon (1/1)

Altars:
Makhleb


Innate Abilities, Weirdness & Mutations

You are a fearsome dragon!
You have a powerful clawing attack.
Your giant scaled body is strong and resiliant, but less evasive.
You can breathe fire.
You are flying.
Your maximum health is greatly increased.
Your armour is entirely melded.
You are incapable of wielding weapons or throwing items.
You are immune to sickness and miasma.
You are immune to poison.
((Your flesh is very heat resistant. (rF++)))
((You are vulnerable to cold. (rC-)))
You float through the air rather than walking.
You learn spells naturally, not from books.
Your magical power is your life essence.
You have superior vitality. (+4 MHP)


Message History

The meat berserker hits you with a +9 battleaxe!
You hear a shout! x2
The meat berserker hits you with a +9 battleaxe!!!
You hear a shout!
The destroyer points at you and mumbles some strange words.
The destroyer blinks!
You hear a shout! x6
A sculptor of flesh comes into view. It is wielding a +9 great sword.
You hear a shout!
You barely miss the destroyer. You claw the destroyer!
You bite the destroyer, but do no damage.
The destroyer is lightly damaged.
You hear a shout! x2
The meat berserker hits you with a +9 battleaxe!!!
The meat berserker hits you with a +9 battleaxe.
You hear a shout! x5
A sculptor of flesh comes into view. It is wielding a +9 great sword.
You hear a shout!
The destroyer hits you with a +9 vorpal great sword!
The destroyer bites you.
You hear a shout!
A bag of meat comes into view. It is wielding a +9 war axe. x2
The meat berserker hits you with a +9 battleaxe!!
The meat berserker hits you with a +9 battleaxe!!!
* * * LOW HITPOINT WARNING * * *
You hear a shout!
A meat berserker comes into view. It is wielding a +9 battleaxe.
You are too injured to fight recklessly!
Unknown command.
You claw the meat berserker! You tail-slap the meat berserker.
The meat berserker is lightly wounded.
The meat berserker hits you with a +9 battleaxe!!!
* * * LOW HITPOINT WARNING * * *
You hear a shout!
The meat berserker rages.
A bag of meat comes into view. It is wielding a +9 war axe.
You hear a shout! x2
The destroyer hits you with a +9 vorpal great sword!!!!!
Ouch! That really hurt!
You die...

o. .. oo ..o #O.
..# #o. o.# z
.###.O ..###..
.z....###......
......)_..o....
....#..O))#....o
. #_VDO_# ...
...#.)OO.#.....
......)_))......
......###)......
.###.. ..###..
#.. ..# . #z.
..# .. ..o ..
...o


You could see a destroyer, 2 sculptors of flesh, 6 meat berserkers and 7 bags of
meat.

Vanquished Creatures
  4 vampire knights (D)
  8 ogres (D)
  19 orcs (D)
  2 skeletal warriors (D)
33 creatures vanquished.

Notes
Turn   | Place    | Note
-------+----------+-------------------------------------------
     0 | D        | Found the +∞ Axe of Woe
     0 | D        | Zeld the Djinni Monk began the quest for the Orb.
     0 | D        | Reached XP level 1. HP: 20/20 MP: 0/0
     2 | D        | Noticed a bag of meat
     4 | D        | Became a worshipper of Makhleb the Destroyer
     4 | D        | Reached * piety under Makhleb
     4 | D        | Reached ** piety under Makhleb
     6 | D        | Noticed a bag of meat
     7 | D        | Noticed a bag of meat
     8 | D        | Noticed a bag of meat
     9 | D        | Noticed a meat berserker
     9 | D        | Noticed a bag of meat
    11 | D        | Killed a bag of meat
    11 | D        | Noticed a bag of meat
    11 | D        | Noticed a bag of meat
    12 | D        | Reached XP level 2. HP: 40/40 MP: 0/0
    12 | D        | Reached XP level 3. HP: 45/45 MP: 0/0
    12 | D        | Learned a level 1 spell: Foxfire
    12 | D        | Reached XP level 4. HP: 51/51 MP: 0/0
    12 | D        | Reached XP level 5. HP: 57/57 MP: 0/0
    12 | D        | Learned a level 2 spell: Corpse Rot
    12 | D        | Reached XP level 6. HP: 63/63 MP: 0/0
    12 | D        | Reached XP level 7. HP: 68/68 MP: 0/0
    12 | D        | Learned a level 3 spell: Spider Form
    12 | D        | Reached XP level 8. HP: 75/75 MP: 0/0
    12 | D        | Reached XP level 9. HP: 80/80 MP: 0/0
    12 | D        | Learned a level 3 spell: Mephitic Cloud
    12 | D        | Reached XP level 10. HP: 86/86 MP: 0/0
    12 | D        | Reached XP level 11. HP: 92/92 MP: 0/0
    12 | D        | Learned a level 5 spell: Iskenderun's Battlesphere
    12 | D        | Killed a bag of meat
    12 | D        | Noticed a meat berserker
    12 | D        | Noticed a bag of meat
    13 | D        | Reached skill level 15 in Fighting
    13 | D        | Reached XP level 12. HP: 29/103 MP: 0/0
    13 | D        | HP: 2/103 [meat berserker/+9 battleaxe (27)]
    14 | D        | Killed a bag of meat
    14 | D        | Killed a meat berserker
    14 | D        | Reached *** piety under Makhleb
    14 | D        | Noticed a bag of meat
    14 | D        | Noticed a bag of meat
    15 | D        | Reached skill level 15 in Invocations
    15 | D        | Reached XP level 13. HP: 76/115 MP: 0/0
    15 | D        | Learned a level 5 spell: Fireball
    15 | D        | Reached XP level 14. HP: 80/121 MP: 0/0
    15 | D        | Killed a bag of meat
    15 | D        | Killed a bag of meat
    15 | D        | Noticed a bag of meat
    16 | D        | Killed a bag of meat
    16 | D        | Reached **** piety under Makhleb
    16 | D        | Killed a bag of meat
    16 | D        | Killed a meat berserker
    17 | D        | Reached skill level 15 in Spellcasting
    17 | D        | Reached XP level 15. HP: 135/135 MP: 0/0
    17 | D        | Learned a level 6 spell: Starburst
    18 | D        | Noticed a destroyer
    19 | D        | Reached XP level 16. HP: 143/143 MP: 0/0
    19 | D        | Reached ***** piety under Makhleb
    20 | D        | Noticed a meat berserker
    21 | D        | Noticed a meat berserker
    23 | D        | Reached XP level 17. HP: 153/153 MP: 0/0
    23 | D        | Learned a level 6 spell: Iron Shot
    23 | D        | Noticed a destroyer
    24 | D        | Noticed a meat berserker
    24 | D        | Killed a meat berserker
    25 | D        | Killed a destroyer
    25 | D        | Killed a meat berserker
    25 | D        | Reached ****** piety under Makhleb
    26 | D        | Reached XP level 18. HP: 166/166 MP: 0/0
    26 | D        | Noticed a meat berserker
    28 | D        | Killed a destroyer
    29 | D        | Reached skill level 27 in Fighting
    29 | D        | Reached skill level 27 in Dodging
    29 | D        | Killed a meat berserker
    30 | D        | Reached XP level 19. HP: 174/174 MP: 0/0
    30 | D        | Learned a level 7 spell: Ozocubu's Refrigeration
    30 | D        | Noticed a destroyer
    32 | D        | Killed a meat berserker
    32 | D        | Noticed a meat berserker
    33 | D        | Reached skill level 27 in Axes
    34 | D        | Reached skill level 27 in Invocations
    35 | D        | Noticed a meat berserker
    36 | D        | Noticed a sculptor of flesh
    37 | D        | Killed a meat berserker
    38 | D        | Reached skill level 27 in Spellcasting
    38 | D        | Reached XP level 20. HP: 181/181 MP: 0/0
    38 | D        | Killed a destroyer
    38 | D        | Noticed a meat berserker
    39 | D        | Reached skill level 5 in Maces & Flails
    39 | D        | Reached skill level 5 in Polearms
    39 | D        | Reached skill level 5 in Staves
    39 | D        | Reached skill level 5 in Slings
    39 | D        | Reached skill level 5 in Bows
    39 | D        | Reached skill level 5 in Crossbows
    39 | D        | Reached skill level 5 in Throwing
    40 | D        | Noticed a large bag of meat
    40 | D        | Noticed a meat berserker
    41 | D        | Noticed a meat berserker
    41 | D        | Killed a meat berserker
    42 | D        | Reached XP level 21. HP: 163/187 MP: 0/0
    42 | D        | Learned a level 7 spell: Dragon Form
    42 | D        | Noticed a destroyer
    43 | D        | Noticed a meat berserker
    44 | D        | Killed a destroyer
    44 | D        | Noticed a meat berserker
    45 | D        | Reached skill level 10 in Armour
    45 | D        | Reached skill level 10 in Shields
    45 | D        | Reached skill level 10 in Evocations
    45 | D        | Noticed a destroyer
    46 | D        | Reached skill level 10 in Short Blades
    46 | D        | Reached skill level 10 in Long Blades
    48 | D        | Noticed a meat berserker
    48 | D        | Annihilated by a destroyer

Illustrated notes

Levels and vault maps discovered:
D:        meatsprint

Skill      XL: |  1  2  3  4  5  6  7  8  9 10 11 12 13 14 15 16 17 18 19 20 21 |
---------------+----------------------------------------------------------------+-----
Fighting       | 13 15 18 22 24 26 27 | 27.0
Axes           | 9 11 13 16 17 19 23 26 27 | 27.0
Dodging        | 14 16 19 22 23 24 26 27 | 27.0
Spellcasting   | 8 9 12 15 16 18 20 27 | 27.0
Invocations    | 11 12 15 19 21 23 25 27 | 27.0
Short Blades   | 7 10 | 10.2
Long Blades    | 7 10 | 10.2
Maces & Flails | 7 9 |  9.4
Polearms       | 7 9 |  9.4
Staves         | 7 9 |  9.6
Slings         | 6 8 |  8.8
Bows           | 6 8 |  8.8
Crossbows      | 6 8 |  8.8
Throwing       | 6 8 |  8.8
Armour         | 8 10 | 10.5
Shields        | 8 10 | 10.5
Evocations     | 8 10 | 10.5
Stealth        | |  1.5
Unarmed Combat | |  3.0

Action                   |  1- 3 |  4- 6 |  7- 9 | 10-12 | 13-15 | 16-18 | 19-21 || total
-------------------------+-------+-------+-------+-------+-------+-------+-------++-------
Melee: Executioner's axe |     1 |       |       |     2 |     3 |     8 |    11 ||    25
       Unarmed           |       |       |       |       |       |       |     2 ||     2
       Tailslap          |       |       |       |       |       |       |     1 ||     1
       Punch             |       |       |       |       |       |       |     1 ||     1
       Bite              |       |       |       |       |       |       |     1 ||     1
 Cast: Fireball          |       |       |       |       |     1 |       |       ||     1
       Ozocubu's Refrige |       |       |       |       |       |       |     1 ||     1
       Dragon Form       |       |       |       |       |       |       |     1 ||     1
Dodge: Dodged            |       |       |       |       |     1 |     1 |     1 ||     3
